 Dungeon Crawl Stone Soup version 0.28-a0-1038-g9c4cb8273d (webtiles) character file.

Game seed: 12566504617945389595

37 Lavandula the Bolt Thrower (level 3, 5/24 (31) HPs)
             Began as a Naga Arcane Marksman on Dec 8, 2021.
             Quit the game on level 2 of the Dungeon.
             The game lasted 00:02:42 (1565 turns).

Lavandula the Bolt Thrower (Naga Arcane Marksman)   Turns: 1565, Time: 00:02:43

HP:   5/24 (31)     AC:  2    Str: 14    XL:     3   Next: 39%
MP:   4/4           EV:  9    Int: 13    God:
Gold: 56            SH:  0    Dex: 11    Spells: 3/4 levels left

rFire   . . .      SeeInvis +   a - +0 hand crossbow
rCold   . . .      Faith    .   (no shield)
rNeg    . . .      Spirit   .   d - +0 robe
rPois   +          Reflect  .   (no helmet)
rElec   .          Harm     .   (no cloak)
rCorr   .          Rampage  .   (no gloves)
Will    .....                   (no barding)
Stlth   +.........              (no amulet)
HPRegen 0.08/turn               (no ring)
MPRegen 0.09/turn               (no ring)

@: heavily drained, very slow
A: AC +1, large, see invisible, deformed body, poison resistance, slowness 2,
spit poison 1, naga tail 1
a: Spit Poison


You were on level 2 of the Dungeon.
You visited 1 branch of the dungeon, and saw 2 of its levels.

You collected 56 gold pieces.

Inventory:

Hand Weapons
 a - a +0 hand crossbow (weapon)
 h - a +0 dagger
Missiles
 c - 2 bolts (quivered ammo)
Armour
 d - a +0 robe (worn)
Scrolls
 b - a scroll of immolation {unknown}
 f - a scroll of teleportation {unknown}
 k - 2 scrolls of identify {unknown}
 l - 3 scrolls of enchant weapon {unknown}
Potions
 e - a potion of heal wounds
 g - a potion of curing {unknown}
 i - a potion of berserk rage {unknown}
 j - a potion of resistance {unknown}


   Skills:
 - Level 1.0 Fighting
 + Level 3.3 Crossbows
 - Level 1.5 Dodging
 - Level 1.0 Spellcasting
 - Level 3.0 Hexes


You had 3 spell levels left.
You knew the following spells:

 Your Spells              Type           Power      Damage    Failure   Level
a - Slow                  Hex            32%        N/A       9%          1

Your spell library contained the following spells:

 Spells                   Type           Power      Damage    Failure   Level
 Inner Flame              Hex/Fire       4%         N/A       41%         3
 Portal Projectile        Hex/Tloc       8%         N/A       41%         3
 Stone Arrow              Conj/Erth      0%         3d7       63%         3
 Cause Fear               Hex            4%         N/A       63%         4
 Animate Armour           Summ/Erth      0%         N/A       95%         4
 Lehudib's Crystal Spear  Conj/Erth      0%         10d2      100%        8


Dungeon Overview and Level Annotations

Branches:
Dungeon (2/15)

Altars:


Innate Abilities, Weirdness & Mutations

Your serpentine skin is tough. (AC +1)
You have supernaturally acute eyesight. (SInv)
Armour fits poorly on your strangely shaped body.
Your system is resistant to poisons. (rPois)
You cover ground very slowly.
You can spit poison.
You have a snake-like lower body.


Message History

The jackal bites you.
The jackal bites you but does no damage.
It was a potion of heal wounds.
You feel much better. The jackal bites you.
a - a +0 hand crossbow (weapon)
The jackal bites you.
Aiming: Spit Poison (2% risk of failure)
Press: ? - help, Shift-Dir - straight line, f - jackal
Aim: a jackal (heavily wounded)
The splash of poison misses the jackal.
The splash of poison hits the necrophage.
The necrophage completely resists.
The jackal closely misses you.
Unknown command.
Casting: Slow (safe; 9% risk of failure)
Confirm with . or Enter, or press ? or * to list all spells.
Aiming: Slow (safe; 9% risk of failure)
Press: ? - help, Shift-Dir - straight line, f/p - jackal
Aim: a jackal (heavily wounded, chance to affect: 61%)
Okay, then.
Unknown command.
Fire: 7 bolts
Press: ? - help, Q - select action, (/) - cycle Shift-Dir - straight line, f/p - jackal
Aim: a jackal (heavily wounded, 53% to hit)
You shoot a bolt. The bolt hits the jackal!
You kill the jackal!
Unknown command.
You shoot a bolt. The bolt barely misses the necrophage.
The necrophage barely misses you. The necrophage hits you.
You feel drained.
You shoot a bolt. The bolt hits the necrophage.
The necrophage is moderately damaged.
The necrophage hits you.
You shoot a bolt. The bolt closely misses the necrophage.
You have got your breath back.
The necrophage hits you but does no damage.
You shoot a bolt. The bolt hits the necrophage!
The necrophage is heavily damaged.
The necrophage barely misses you. The necrophage hits you!
* * * LOW HITPOINT WARNING * * *
You feel drained.
* * * LOW HITPOINT WARNING * * *
Are you sure you want to abandon this character and quit the game? (Confirm with "yes".)

#..#.#.#.# #.......###.##
#..#.#.#.# ######.......#
#..#..(#.# #######.##.##.#
#..##..#.# #...>.#.##..#.#
#........# #.....#.##.#..#
#......### #.....#.###.#.#
#####.## #.....#.......# #..#
#.....#####.### ##.# #@# #.# #.#
#n# #.# #.# ##(## #.# #### #.#
###.#.######.####### .... #.#
#..###.............#
....####.####.#.#.######.#####.#
#†...†........##..# #.#
.....####.#######.# #.# #....#
#.# #..# #.#


You could see a necrophage.

Vanquished Creatures
  An adder (D:2)
  2 ball pythons
  3 endoplasms (D:1)
  A giant cockroach (D:2)
  A goblin (D:1)
  2 hobgoblins
  2 jackals (D:2)
  A quokka (D:1)
  3 frilled lizards (D:1)
  4 kobolds
  5 rats
25 creatures vanquished.

Notes
Turn   | Place    | Note
-------+----------+-------------------------------------------
     0 | D:1      | Lavandula the Naga Arcane Marksman began the quest for the
                  | Orb.
     0 | D:1      | Reached XP level 1. HP: 18/18 MP: 2/2
   410 | D:1      | Reached XP level 2. HP: 25/25 MP: 3/3
   783 | D:1      | Found a faded altar of an unknown god.
  1008 | D:2      | Noticed a necrophage
  1508 | D:2      | Reached XP level 3. HP: 27/28 MP: 4/4
  1565 | D:2      | Quit the game

Illustrated notes

Levels and vault maps discovered:
D:1:      kilobyte_arrival_exit_the_forest, layout_basic,
          shapermc_ecumenical_altar_pompeii, chequers_serial_rivers_marsh,
          minmay_small_reverse_x
D:2:      layout_loops_cross, lemuel_flame_loot_1

Skill      XL: |  1  2 |
---------------+-------+-----
Crossbows      | 2 3 |  3.3
Fighting       | |  1.0
Dodging        | |  1.5
Spellcasting   | |  1.0
Hexes          | |  3.0

Action                   || total
-------------------------++-------
Melee: Dagger            ||     9
 Fire: Hand crossbow     ||    43
 Abil: Spit Poison       ||    16
  Use: Potion            ||     1
Armor: Robe              ||     6
Dodge: Dodged            ||    20

Table legend: (Time is in decaauts)
 A = Elapsed time spent in this place.
 B = Non-inter-level travel time spent in this place.
 C = Inter-level travel time spent in this place.
 D = Time resting spent in this place.
 E = Time spent auto-exploring this place.
 F = Levels seen in this place.
 G = Mean time per level.
                   A        B        C        D        E       F      G
               +--------+--------+--------+--------+--------+-----+--------+
         Total |   1941 |   1914 |     27 |    453 |   1242 |   2 |  970.5 |
       Dungeon |   1941 |   1914 |     27 |    453 |   1242 |   2 |  970.5 |
               +--------+--------+--------+--------+--------+-----+--------+

Top non-repeatable levels by time:
     D:1: 1282 daAuts
     D:2: 658 daAuts
